Unix NetHack Version 5.0.0-0 post-release - last build May 10 2026 23:12:36 (d1fa5d53e341ca933230fdaa984d921c805b60aa,branch:main).

Game began 2026-05-13 16:56:01, ended 2026-05-13 18:31:36.

Brudee, neutral female human Tourist

                               ---
                                .                #
                                .          ------#
                                .          |....|#
                                .          |.....##
                                           |....|+##
                                           |....|% ####%#
                   -                      #.....|#      #
                           -----.---    ###---+--######%###########
                    )@@### |.......-  ###                   # -.--|-----
                         # |.......| # ###                 ###|........|
                         # |.......| ####                   # |........|
                         ##.)...>..| #                      ##.........|
                           |........##                        |........|
                           --------- #                        |........|
                                                              |.<......|
                                                              ----------

Brudee the Excursionist     St:5 Dx:11 Co:16 In:12 Wi:11 Ch:17  Neutral S:13356
Dlvl:10 $:196 HP:0(81) Pw:32(34) AC:-2 Xp:9/3167 T:5746  Satiated Burdened

Latest messages:
 The elf-lord shoots 5 runed arrows!
 The 1st runed arrow misses you.
 The 2nd runed arrow misses you.
 The 3rd runed arrow misses you.
 You are hit by the 4th runed arrow.
 The 5th runed arrow misses you.
 The elf-lord shoots 2 runed arrows!
 The 1st runed arrow misses you.
 The 2nd runed arrow misses you.
 What do you want to zap? [b or ?*] ?
 What do you want to zap? [b or ?*] <space>
 Never mind.
 You are hit by a runed arrow.
 You are hit by a runed arrow.
 You miss theokp's ghost.
 You miss theokp's ghost.
 You are hit by a runed arrow!
 A runed arrow misses you.
 A runed arrow misses you.
 You are hit by a runed arrow!
 You are hit by a runed arrow!
 You are hit by a runed arrow!
 A runed arrow misses you.
 You are hit by a runed arrow.
 A runed arrow misses you.
 A runed arrow misses you.
 You are hit by a runed arrow!
 You are hit by a runed arrow.
 The elf-lord wields a runed short sword!
 You miss the elf-lord.
 You hit the elf-lord.
 The elf-lord thrusts his runed short sword.
 The elf-lord hits!
 The elf-lord thrusts his runed short sword.
 The elf-lord misses!
 You miss the elf-lord.
 You hit the elf-lord.
 The elf-lord thrusts his runed short sword.
 The elf-lord hits!
 The elf-lord thrusts his runed short sword.
 The elf-lord hits again!
 You hit the elf-lord!
 You hit the elf-lord.
 The elf-lord thrusts his runed short sword.
 The elf-lord hits!
 The elf-lord thrusts his runed short sword.
 The elf-lord hits again!
 You die...
 Do you want your possessions identified? [ynq] (y) y
 Do you want to see your attributes? [ynq] (y) q

Inventory:
 Coins    ('$')
  $ - 196 gold pieces
 Amulets  ('"')
  V - a cursed amulet of change
 Weapons  (')')
  e - a +0 boomerang
  d - a blessed +1 scimitar (wielded in left hand)
  W - the rustproof +2 Trollsbane (wielded in right hand)
 Armor    ('[')
  f - an uncursed +0 pair of levitation boots
  l - a blessed +1 Hawaiian shirt with a tropical fish motif (being worn)
  r - a blessed rotproof +2 blue dragon scale mail (being worn)
 Comestibles  ('%')
  c - 4 uncursed food rations
 Scrolls  ('?')
  j - an uncursed scroll of amnesia
  Z - 2 uncursed scrolls of blank paper
  Y - 2 cursed scrolls of blank paper
  T - an uncursed scroll of confuse monster
  y - a cursed scroll of enchant weapon
  w - a cursed scroll of fire
  p - an uncursed scroll of identify
  X - an uncursed scroll of remove curse
  g - 2 cursed scrolls of remove curse
  h - an uncursed scroll of stinking cloud
  R - an uncursed scroll of teleportation
 Potions  ('!')
  H - an uncursed potion of fruit juice
  s - a cursed potion of fruit juice
  F - a cursed potion of healing
  q - an uncursed potion of invisibility
  a - an uncursed potion of restore ability
  E - 2 potions of unholy water
 Rings    ('=')
  u - a cursed ring of conflict
  N - a cursed -2 ring of gain constitution
  U - a cursed ring of invisibility
  o - an uncursed ring of levitation
  C - an uncursed ring of protection from shape changers
  B - an uncursed ring of regeneration
  J - a cursed ring of stealth
 Wands    ('/')
  b - a wand of create monster (0:4)
 Tools    ('(')
  i - an uncursed oilskin sack containing 13 items
  M - an uncursed blindfold
  n - an uncursed credit card
  m - an expensive camera (0:37)
  L - an uncursed magic whistle
  S - an uncursed pair of lenses
  k - an uncursed skeleton key
 Gems/Stones  ('*')
  D - an uncursed diamond
  O - an uncursed emerald
  t - an uncursed worthless piece of orange glass
  I - a blessed luckstone
  G - an uncursed touchstone
  x - 7 uncursed rocks

Contents of the oilskin sack:
  658 gold pieces
  2 uncursed scrolls of destroy armor
  a cursed scroll of destroy armor
  an uncursed scroll of enchant armor
  an uncursed scroll of genocide
  an uncursed scroll of light
  a cursed scroll of light
  an uncursed scroll of magic mapping
  an uncursed scroll of teleportation
  an uncursed potion of gain level
  an uncursed potion of oil
  a potion of holy water
  an uncursed worthless piece of orange glass

Brudee the Tourist's attributes:

Background:
 You were an Excursionist, a level 9 female human Tourist.
 You were neutral, on a mission for The Lady
 who was opposed by Blind Io (lawful) and Offler (chaotic).
 You were right-handed.
 You were in the Dungeons of Doom, on level 10.
 You entered the dungeon 5746 turns ago.
 You had 3167 experience points, 1953 more were needed to attain level 10.
 Your score was 13356 before end-of-game adjustments.

Basics:
 You had 0 out of 81 hit points.
 You had 32 out of 34 energy points (spell power).
 Your armor class was -2.
 Your wallet contained 196 zorkmids, and
 you had 658 more stashed away in your pack.
 Autopickup was off.

Final Characteristics:
 Your strength was 5 (peak:14, limit:18/100).
 Your dexterity was 11 (limit:18).
 Your constitution was 16 (limit:18).
 Your intelligence was 12 (limit:18).
 Your wisdom was 11 (limit:18).
 Your charisma was 17 (limit:18).

Final Status:
 You were satiated.
 You were burdened; movement was slightly slowed.
 You were wielding two weapons at once.
 You had basic skill with morning star and two weapons.
 You also had basic skill with saber and two weapons.

Final Attributes:
 You were piously aligned.
 You were shock resistant.
 Your items were protected from electric shocks.
 You were poison resistant.
 You were telepathic.
 You regenerated.
 You were very fast.
 You were very lucky.
 You had extra luck.
 Good luck did not time out for you.
 You are dead.

Miscellaneous:
 You encountered 1 bones level.
 Total elapsed playing time was 1 hour, 35 minutes and 34 seconds.

Major events:
 Turn
    1: Brudee the neutral female human Tourist entered the dungeon
  875: attained the rank of Sightseer (level 3)
 1607: entered the Gnomish Mines
 2000: attained the rank of Excursionist (level 6)
 2156: reached Mine Town
 2471: made her first wish - "blessed greased fixed +2 blue dragon scale mail", got "a greased blue dragon scale mail"
 4008: acquired the Mines' End luckstone
 4711: was bestowed with Trollsbane by The Lady
 5746: killed by an elf-lord

Spells:
 Name                 Level Category     Fail Retention
 force bolt             1   attack        19%  76%-100%
 light                  1   divination    19%  76%-100%
 healing                1   healing       26%  76%-100%
 clairvoyance           3   divination   100%  76%-100%
 cure blindness         2   healing       45%  76%-100%

Skills:
 Fighting Skills
   bare handed combat [Unskilled]
   two weapon combat  [Basic]
   riding             [Unskilled]
 Weapon Skills
   dagger             [Unskilled]
   knife              [Unskilled]
   axe                [Unskilled]
   pick-axe           [Unskilled]
   short sword        [Unskilled]
   broadsword         [Unskilled]
   long sword         [Unskilled]
   two-handed sword   [Unskilled]
   saber              [Basic]
   mace               [Unskilled]
   morning star       [Basic]
   flail              [Unskilled]
   hammer             [Unskilled]
   quarterstaff       [Unskilled]
   polearms           [Unskilled]
   spear              [Unskilled]
   trident            [Unskilled]
   lance              [Unskilled]
   bow                [Unskilled]
   sling              [Unskilled]
   crossbow           [Unskilled]
   dart               [Expert]
   shuriken           [Unskilled]
   boomerang          [Unskilled]
   whip               [Unskilled]
   unicorn horn       [Unskilled]
 Spellcasting Skills
   divination spells  [Unskilled]
   enchantment spells [Unskilled]
   escape spells      [Unskilled]

Voluntary challenges:
 Character rerolling was not enabled.
 You never genocided any monsters.
 You never polymorphed an object.
 You never changed form.
 You used 1 wish.
 You did not wish for any artifacts.
Achievements:
 You entered a shop.
 You attained the rank of Sightseer.
 You entered the Gnomish Mines.
 You attained the rank of Excursionist.
 You entered Minetown.
 You entered a temple.
 You completed the Gnomish Mines.

 The Dungeons of Doom: levels 1 to 10
    Level 1:
       An altar to The Lady.
    Level 2:
       A potion shop, an altar to The Lady.
    Level 3:
       A sink.
       Stairs down to The Gnomish Mines.
    Level 4:
    Level 5:
       Many fountains.
       Oracle of Delphi.
    Level 6:
    Level 7:
       A fountain.
    Level 8:
    Level 9:
    Level 10: <- You were here.
       Final resting place for
          you, killed by an elf-lord,
          Drastanta-Bar-Hum-Mal-Neu, killed by a soldier ant,
          theokp-Wiz-Elf-Mal-Cha, killed by a soldier ant.
 The Gnomish Mines: levels 4 to 11
    Level 4:
    Level 5:
    Level 6:
       Many shops, a temple and an altar, some fountains.
    Level 7:
    Level 8:
    Level 9:
    Level 10:
    Level 11:
       A fountain.


Vanquished creatures:
 an ogre tyrant
  a stalker
  a giant zombie
 an ettin mummy
  a wood golem
  a freezing sphere
  a tengu
  a red naga
  a watchman
  3 giant beetles
  3 wolves
  a leprechaun
  2 giant spiders
  a scorpion
  a forest centaur
  a gnome ruler
 an orc mummy
  a dwarf mummy
  a rust monster
  a lizard
  a chickatrice
  a jaguar
  2 dwarf leaders
  3 gnome mummies
 an ape
  2 soldier ants
  a rock piercer
  a rock mole
  a yellow light
  9 gnome leaders
  5 gnomish wizards
  2 kobold mummies
  5 elf zombies
  a straw golem
  a paper golem
  2 baby crocodiles
  a little dog
  4 floating eyes
 12 dwarves
  a homunculus
 20 hill orcs
  5 rothes
  a centipede
  a werejackal
 an iguana
 16 killer bees
 an acid blob
  a gas spore
  a hobbit
  a yellow mold
 52 gnomes
  2 gnome zombies
  4 geckos
  8 jackals
  a fox
  a kobold
  3 goblins
  4 sewer rats
  4 grid bugs
  a lichen
  4 kobold zombies
  6 newts
219 creatures vanquished.

No species were genocided or became extinct.

Game over:
                       ----------
                      /          \
                     /    REST    \
                    /      IN      \
                   /     PEACE      \
                  /                  \
                  |      Brudee      |
                  |      854 Au      |
                  |   killed by an   |
                  |     elf-lord     |
                  |                  |
                  |                  |
                  |       2026       |
                 *|     *  *  *      | *
        _________)/\\_//(\/(/\)/\//\/|_)_______

Aloha Brudee the Tourist...

You died in The Dungeons of Doom on dungeon level 10 with 13342 points,
and 854 pieces of gold, after 5746 moves.
You were level 9 with a maximum of 81 hit points when you died.

